 Dungeon Crawl Stone Soup version 0.18.1-8-gdd0e5ea (webtiles) character file.

658 Lul the Skirmisher (level 7, -23/60 HPs)
             Began as an Ogre Chaos Knight on June 6, 2016.
             Annihilated by an ogre
             ... wielding a +0 giant club
              (43 damage)
             ... on level 4 of the Dungeon.
             The game lasted 00:17:37 (4539 turns).

Lul the Skirmisher (Ogre Chaos Knight)              Turns: 4539, Time: 00:17:38

Health: -23/60     AC:  6    Str: 20    XL:     7   Next: 55%
Magic:  7/7        EV: 11    Int: 13    God:    Xom [.....*]
Gold:   211        SH:  0    Dex:  9    Spells: 0 memorised, 6 levels left

rFire  . . .     SeeInvis .     a - +1 mace (chaos)
rCold  . . .     Gourm    .     b - +2 robe
rNeg   . . .     Faith    .     (no shield)
rPois  .         Spirit   .     (helmet restricted)
rElec  .         Dismiss  .     g - +0 cloak
rCorr  .         Reflect  .     (gloves unavailable)
SustAt .         Harm     .     (boots unavailable)
MR     .....                    (no amulet)
Stlth  +++.......               (no ring)
                                d - ring of stealth

@: very slightly contaminated, hasted, very quick, not resistant to hostile
enchantments, fairly stealthy
A: unfitting armour, clever 1, frail 2, tough skin 1
a: Renounce Religion


You were on level 4 of the Dungeon.
You worshipped Xom.
You were Xom's teddy bear.
You were near starving.

You visited 1 branch of the dungeon, and saw 4 of its levels.

You collected 211 gold pieces.

Inventory:

Hand Weapons
 a - a +1 mace of chaos (weapon)
Armour
 b - a +2 robe (worn)
 g - a +0 cloak (worn)
Jewellery
 d - a ring of stealth (left hand)
Wands
 j - a wand of flame (17/48)
Scrolls
 e - a scroll of fear
 h - 2 scrolls of remove curse
 i - 2 scrolls of enchant armour
 l - a scroll of magic mapping
Potions
 q - a potion of ambrosia {unknown}
 r - a potion of experience {unknown}
Comestibles
 c - 2 bread rations
 f - 2 meat rations
 k - a royal jelly
 n - 3 fruits
 t - 2 beef jerkies


   Skills:
 + Level 6.1 Fighting
 + Level 5.9 Maces & Flails
 + Level 5.0 Dodging
 + Level 3.1 Stealth


You had 6 spell levels left.
You didn't know any spells.

Dungeon Overview and Level Annotations

Branches:
Dungeon (4/15)             Temple (0/1) D:4

Altars:
Okawaru
Yredelemnul
The Shining One

Annotations:
D:4 KrisztiCat's ghost, amateur CeHu


Innate Abilities, Weirdness & Mutations

You are too large for most types of armour.
You have tough skin (AC +1).
Your mind is acute. (Int +2)
You are very frail (-20% HP).


Message History

The ogre is heavily wounded.
The ogre hits you with a giant club!
You thump the ogre!
The ogre goes berserk!
The ogre is severely wounded.
The ogre barely misses you.
You hit the ogre but do no damage.
The ogre is severely wounded.
The ogre barely misses you.
You barely miss the ogre.
The ogre is severely wounded.
Something hits you.
You barely miss the ogre.
The ogre is severely wounded.
The ogre barely misses you. Something hits you!
You hit the ogre.
Space warps horribly around the ogre!
The ogre is almost dead.
The ogre hits you with a giant club!!!
Ouch! That really hurt!
You die...
Xom bursts into laughter!

# *,,,*
********#.#*###.####.#
**,** #.# #.# #.# *,*
#.#####.####.# *,*
#............# *,*
#.#####.###### *,* #.#
#.# ###*,* #.# #.#
...,,*
########.#####.#
###***
#..O@..........#
#.######.####### #.*
#.# ##.## #.#
****###...## #.#
*,,,.......####.#
######.#***#.........#
.......# ##..#######
##############[#


You could see an ogre (berserk).

Vanquished Creatures
  Grinder (D:4)
  An ogre (D:4)
  A hound (D:4)
  An orc priest (D:4)
  An iguana (D:4)
  2 worker ants
  A hound skeleton (D:4)
  8 gnolls
  5 adders
  An adder skeleton (D:4)
  2 worms
  3 giant geckos
  6 orcs (D:4)
  A ball python (D:3)
  5 bats
  2 giant cockroaches (D:3)
  6 goblins
  6 hobgoblins
  3 jackals (D:2)
  4 kobolds (D:2)
  2 quokkas (D:4)
  A ball python skeleton (D:4)
  A giant gecko skeleton (D:4)
  4 giant newts
  4 rats
72 creatures vanquished.

Vanquished Creatures (collateral kills)
  Edmund (D:4)
1 creature vanquished.

Grand Total: 73 creatures vanquished

Notes
Turn   | Place    | Note
--------------------------------------------------------------
     0 | D:1      | Lul the Ogre Chaos Knight began the quest for the Orb.
     0 | D:1      | Reached XP level 1. HP: 24/24 MP: 1/1
   249 | D:1      | Reached XP level 2. HP: 32/32 MP: 2/2
   900 | D:2      | Reached XP level 3. HP: 37/40 MP: 3/3
   937 | D:2      | Found a basalt altar of Yredelemnul.
   942 | D:2      | Found a glowing golden altar of the Shining One.
   946 | D:2      | Found an iron altar of Okawaru.
  1140 | D:2      | XOM: cast spell 'Hydra Form'
  1202 | D:2      | XOM: mild Trmt miscast
  1283 | D:2      | XOM: harmless Trmt miscast
  1361 | D:2      | XOM: noise
  1414 | D:3      | XOM: colour smoke trail
  1431 | D:3      | XOM: torment (21/40 hp)
  1531 | D:3      | XOM: 1-stop teleportation journey
  1609 | D:3      | XOM: give mutations
  1609 | D:3      | Gained mutation: You are weak. (Str -2) [Xom's mischief]
  1609 | D:3      | Gained mutation: You are frail (-10% HP). [Xom's mischief]
  1609 | D:3      | Gained mutation: Scrolls take you a little longer to read. [Xom's mischief]
  1654 | D:3      | XOM: give mutations
  1654 | D:3      | Lost mutation: Scrolls take you a little longer to read. [Xom's mischief]
  1654 | D:3      | Gained mutation: You have sharp toenails. [Xom's mischief]
  1654 | D:3      | Lost mutation: You have sharp toenails. [Xom's mischief]
  1654 | D:3      | Gained mutation: You are very frail (-20% HP). [Xom's mischief]
  1772 | D:3      | XOM: give mutations
  1772 | D:3      | Gained mutation: Scrolls take you a little longer to read. [Xom's mischief]
  1772 | D:3      | Lost mutation: You are weak. (Str -2) [Xom's mischief]
  1891 | D:3      | Reached XP level 4. HP: 20/39 MP: 4/4
  2085 | D:3      | Reached skill level 5 in Maces & Flails
  2085 | D:3      | Reached skill level 1 in Stealth
  2092 | D:3      | Reached skill level 5 in Fighting
  2396 | D:3      | Reached XP level 5. HP: 37/45 MP: 5/5
  2813 | D:4      | Noticed an ogre
  2814 | D:4      | XOM: butterfly on damage
  2818 | D:4      | Killed an ogre
  2818 | D:4      | Reached XP level 6. HP: 33/52 MP: 6/6
  3274 | D:4      | XOM: divination: detect items
  3283 | D:4      | XOM: smoke on damage
  3286 | D:4      | HP: 1/52 [worm (9)]
  3671 | D:4      | Noticed Grinder
  3979 | D:4      | Noticed Edmund
  3979 | D:4      | XOM: summons 6 friendly demons
  3990 | D:4      | Killed Edmund
  3990 | D:4      | Reached XP level 7. HP: 50/59 MP: 7/7
  4013 | D:4      | Gained mutation: Your mind is acute. (Int +2) [potion of beneficial mutation]
  4018 | D:4      | XOM: chaos cloud
  4031 | D:4      | XOM: give mutation
  4031 | D:4      | Lost mutation: Scrolls take you a little longer to read. [Xom's mischief]
  4033 | D:4      | Killed Grinder
  4033 | D:4      | Reached skill level 6 in Fighting
  4033 | D:4      | Reached skill level 5 in Dodging
  4290 | D:4      | Noticed KrisztiCat's ghost (amateur CeHu)
  4294 | D:4      | Found a staircase to the Ecumenical Temple.
  4294 | D:4      | XOM: 8-stop teleportation journey
  4387 | D:4      | XOM: harmless Ice miscast
  4494 | D:4      | XOM: swap monsters
  4539 | D:4      | Annihilated by an ogre

Skill      XL: |  1  2  3  4  5  6  7 |
---------------+----------------------+-----
Maces & Flails | 5 |  5.9
Stealth        | 1 2 3 |  3.1
Fighting       | 5 6 |  6.1
Dodging        | 3 4 5 |  5.0

Action                   |  1- 3 |  4- 6 |  7- 9 || total
-------------------------+-------+-------+-------++-------
Melee: Mace              |    89 |   151 |    43 ||   283
  Use: Scroll            |     4 |     6 |     1 ||    11
       Potion            |       |     4 |     5 ||     9
 Stab: Sleeping          |     4 |     2 |     1 ||     7
       Paralysed         |       |     1 |       ||     1
       Distracted        |       |       |     1 ||     1
  Eat: Chunk             |     3 |     7 |       ||    10
Armor: Robe              |    36 |    47 |     8 ||    91
       Skin              |       |    35 |     2 ||    37
Dodge: Dodged            |    49 |    72 |    16 ||   137
